Map: Costas tropicales

Players

MrFercho - Winner!

  • Race: Terran Terran
  • Spawn Location: 5:00

tigro - Winner!

  • Race: Terran Terran
  • Spawn Location: 5:00

IA (Media)

  • Race: Protoss Protoss
  • Spawn Location: 12:00

IA (Media)

  • Race: Zerg Zerg
  • Spawn Location: 11:00

IA (Media)

  • Race: Terran Terran
  • Spawn Location: 6:00

VOD

Have the link to the VOD?

Description

Time

  • Played on: Nov. 26, 2018, 10:41 p.m.
  • Length: 28:01
Show
View Real Time Build Order
Export as new Build Order

MrFercho Terran - Winner!

Build Orders:  

Get SALT Encoding   

  12  0:02  SCV  
  13  0:41  Supply Depot  
  13  1:05  Refinery  
  13  1:07  Refinery  
  13  1:09  Barracks  
  13  1:17  SCV  
  14  1:20  Barracks  
  14  1:29  SCV  
  15  1:34  Supply Depot  
  15  1:41  SCV  
  16  1:53  SCV  
  17  2:00  Supply Depot  
  17  2:05  SCV  
  18  2:13  Barracks Tech Lab x2  
  18  2:18  SCV  
  19  2:23  Engineering Bay  
  19  2:36  Reaper x2  
  21  2:47  SCV  
  22  3:08  Marine  
  22  3:09  Marauder  
  25  3:24  Terran Infantry Weapons Level 1  
  25  3:26  Marine  
  26  3:29  Marine  
  26  3:30  Engineering Bay  
  26  3:31  SCV  
  28  3:43  SCV  
  24  4:06  Factory  
  24  4:08  Factory  
  24  4:11  Marine x2  
  24  4:14  Terran Infantry Armor Level 1  
  26  4:40  Bunker  
  26  4:46  Marine x2  
  26  4:51  SCV  
  29  5:03  SCV  
  29  5:04  Reaper  
  29  5:05  Reaper  
  32  5:12  Bunker  
  32  5:13  Factory Tech Lab  
  32  5:15  Factory Tech Lab  
  26  5:42  Bunker  
  24  6:46  Siege Tank x2  
  30  6:55  Armory  
  30  6:57  Armory  
  30  7:11  Command Center  
  30  7:47  Thor  
  30  7:49  Cyclone  
  39  8:07  Orbital Command  
  39  8:17  Supply Depot  
  39  8:19  Supply Depot  
  39  8:21  Supply Depot  
  39  8:23  Supply Depot, Hellion  
  39  8:25  Refinery  
  41  8:31  Hellion  
  43  8:51  Refinery  
  43  9:11  Siege Tank x2  
  43  9:16  Marauder x2  
  53  9:26  SCV x2  
  55  9:38  Marauder, SCV x2  
  59  10:06  Starport  
  59  10:14  SCV  
  60  10:18  SCV  
  61  10:26  SCV  
  62  10:30  SCV  
  63  10:38  SCV  
  63  10:42  Starport, SCV  
  65  10:50  SCV  
  65  10:54  SCV  
  67  11:02  SCV  
  68  11:15  Orbital Command  
  68  11:36  Sensor Tower  
  68  11:37  Refinery  
  68  11:41  Command Center  
  68  11:42  Refinery  
  68  11:54  Starport Tech Lab  
  68  11:55  Starport Tech Lab  
  68  12:00  Terran Infantry Weapons Level 2  
  68  12:01  Terran Infantry Armor Level 2  
  68  12:13  Sensor Tower  
  68  12:31  Fusion Core  
  68  12:44  Banshee x2  
  74  12:59  Sensor Tower  
  74  13:01  Marine  
  74  13:02  Marine  
  76  13:19  Marine x2  
  77  13:25  Orbital Command  
  77  13:26  Sensor Tower  
  78  13:27  Viking x2  
  78  13:29  SCV x2  
  84  13:41  SCV x2  
  78  13:53  SCV x2  
  80  13:57  Medivac x2, Missile Turret  
  84  14:05  SCV  
  85  14:20  Missile Turret  
  85  14:41  Missile Turret  
  85  15:04  Missile Turret  
  85  15:18  Marauder x2  
  89  15:25  Missile Turret  
  83  15:39  Marauder x2  
  80  16:00  Marauder  
  80  16:01  Marauder  
  84  16:15  Medivac x2  
  88  16:22  Marauder x2  
  92  16:42  Supply Depot  
  92  16:43  Marauder x2  
  92  16:44  Supply Depot  
  92  16:45  Supply Depot  
  92  16:46  Battlecruiser x2  
  108  17:03  Command Center  
  108  17:06  Refinery  
  108  17:07  Supply Depot, Refinery  
  108  17:09  Siege Tank x2  
  114  17:34  Marine x2  
  116  17:41  Cyclone x2  
  122  17:52  Marauder  
  122  17:53  Marauder  
  126  18:13  Thor, Cyclone  
  135  18:46  Siege Tank  
  123  18:56  Siege Tank  
  98  20:14  Weapon Refit  
  93  20:26  Marauder x2  
  94  20:31  Thor x2  
  104  20:39  Viking  
  104  20:40  Viking  
  102  20:48  Marauder x2  
  95  21:09  Marauder x2, Viking  
  95  21:10  Banshee  
  104  21:14  Thor x2  
  104  21:15  Terran Infantry Weapons Level 3  
  104  21:16  Terran Infantry Armor Level 3  
  116  21:30  Marauder  
  116  21:31  Marauder  
  120  21:39  Banshee  
  123  21:52  Marauder x2  
  123  21:53  Banshee  
  130  21:57  Siege Tank x2  
  136  22:22  Battlecruiser  
  142  22:29  Cyclone x2  
  148  22:36  Medivac  
  150  23:01  Cyclone  
  153  23:06  Medivac  
Show
View Real Time Build Order
Export as new Build Order

tigro Terran - Winner!

Build Orders:  

Get SALT Encoding   

  12  0:06  SCV  
  13  0:18  SCV  
  14  0:22  Supply Depot  
  14  0:30  SCV  
  14  0:34  Refinery  
  15  0:50  Refinery  
  15  1:03  Barracks  
  15  1:09  SCV  
  16  1:21  SCV  
  17  1:33  SCV  
  18  1:51  Marine  
  19  1:55  Engineering Bay  
  19  2:09  Marine  
  19  2:10  SCV  
  21  2:22  SCV  
  22  2:23  Supply Depot  
  22  2:27  Marine  
  23  2:37  Terran Infantry Weapons Level 1  
  23  2:45  Marine  
  24  2:51  Barracks  
  24  3:03  Marine  
  25  3:24  Barracks Tech Lab  
  25  3:39  Marine  
  21  3:57  Marine x2  
  21  4:00  Combat Shield  
  23  4:14  Marine x2  
  25  4:21  Planetary Fortress  
  25  4:32  Terran Infantry Armor Level 1, Marine x2  
  27  4:50  Marine x2  
  27  4:51  Factory  
  29  5:08  Marauder  
  31  5:24  Barracks Tech Lab  
  31  5:40  Marauder  
  31  5:41  Stimpack  
  26  6:02  Marauder  
  26  6:23  Marauder  
  26  6:26  Hi-Sec Auto Tracking, Factory Tech Lab  
  26  6:32  Marine  
  27  6:44  Marauder  
  29  6:50  Marine  
  28  7:06  Marauder  
  28  7:08  Marine  
  29  7:21  Concussive Shells  
  29  7:26  Marine  
  30  7:44  Marine  
  31  7:55  Marauder  
  31  7:57  Infernal Pre-Igniter  
  31  8:05  Siege Tank  
  30  8:16  Supply Depot  
  30  8:28  Marauder  
  30  8:37  Siege Tank  
  33  8:54  Mag-Field Accelerator  
  33  9:41  Supply Depot  
  33  10:14  Command Center  
  33  10:41  Missile Turret  
  33  11:21  Command Center  
  33  11:44  Refinery  
  33  12:20  Armory  
  33  12:37  Missile Turret  
  33  12:41  Neosteel Armor  
  33  12:58  SCV  
  34  13:10  SCV  
  35  13:17  Missile Turret  
  35  13:22  SCV  
  35  13:25  SCV  
  37  13:34  SCV  
  37  13:37  SCV  
  37  13:38  Refinery  
  39  13:46  SCV  
  40  13:57  Marauder  
  40  14:01  Smart Servos  
  42  14:04  Thor  
  48  14:19  Marauder  
  50  14:34  Planetary Fortress  
  50  14:40  Marauder  
  50  14:42  Missile Turret  
  50  14:45  Refinery  
  52  14:46  Terran Vehicle And Ship Armor Level 1  
  52  14:47  Thor  
  58  14:59  Refinery  
  58  15:01  Marauder  
  60  15:14  Starport  
  60  15:19  Drilling Claws  
  60  15:23  Marauder  
  62  15:30  Thor, SCV  
  69  16:06  Starport Tech Lab  
  69  16:12  Thor  
  75  16:29  Planetary Fortress  
  75  16:40  Terran Vehicle Weapons Level 1  
  75  16:55  Factory  
  75  17:38  Marauder  
  77  17:50  Fusion Core  
  77  17:58  Rapid Reignition System  
  77  18:12  Supply Depot  
  77  18:33  Thor  
  85  18:34  Marauder, Terran Ship Weapons Level 1  
  85  18:44  Supply Depot  
  85  18:55  Corvid Reactor  
  85  19:05  Medivac  
  85  19:06  Marauder  
  89  19:12  Missile Turret  
  89  19:27  Marauder  
  91  19:49  Marauder  
  93  20:13  Cloaking Field  
  90  21:33  Hyperflight Rotors  
  90  21:58  Battlecruiser  
  73  23:02  Banshee  
  76  23:55  Missile Turret  
  76  24:03  Battlecruiser  
  76  24:09  Marine  
  83  24:13  Factory Tech Lab  
  83  24:27  Marine  
  84  24:45  Marine  
  85  25:03  Marine  
  86  25:07  Battlecruiser  
  92  25:20  Marine  
  93  27:51  Refinery  
  93  27:56  Refinery  
Show
View Real Time Build Order
Export as new Build Order

IA (Media) Protoss 

Build Orders:  

Get SALT Encoding   

  12  0:01  Probe  
  13  0:13  Probe  
  14  0:22  Pylon  
  14  0:25  Probe  
  15  0:36  Probe  
  16  0:44  Probe  
  16  0:47  Assimilator  
  17  0:52  Gateway  
  17  0:53  Probe  
  18  1:01  Pylon  
  18  1:30  Gateway  
  18  1:35  Assimilator  
  18  1:39  Zealot  
  18  1:42  Cybernetics Core  
  20  1:59  Zealot  
  22  2:10  Pylon  
  22  2:22  Warp Gate  
  22  2:23  Stalker  
  24  2:43  Stalker  
  26  3:03  Stalker, Pylon  
  28  3:08  Probe  
  29  3:20  Probe  
  29  3:23  Stalker  
  32  3:33  Probe  
  33  3:34  Forge  
  33  3:40  Adept  
  33  3:45  Probe  
  32  3:57  Probe  
  33  4:09  Probe  
  34  4:10  Stalker  
  36  4:30  Zealot  
  38  4:50  Zealot  
  40  5:54  Adept  
  32  6:14  Zealot  
  32  6:34  Zealot  
  34  6:41  Probe  
  34  6:44  Photon Cannon  
  34  6:46  Pylon, Nexus  
  35  6:47  Stalker  
  35  6:49  Photon Cannon  
  35  6:52  Robotics Facility  
  37  6:56  Twilight Council  
  37  6:58  Gateway  
  37  7:00  Stalker  
  39  7:03  Forge  
  39  7:06  Stargate  
  39  7:09  Pylon  
  39  7:14  Adept  
  41  7:27  Sentry  
  43  7:40  Sentry  
  43  7:41  Observer  
  44  7:53  Adept  
  46  7:59  Probe  
  46  8:02  Pylon, Probe, Observer  
  49  8:06  Pylon, Zealot  
  49  8:10  Pylon  
  49  8:11  Probe  
  52  8:13  Assimilator  
  52  8:14  Probe  
  53  8:23  Probe  
  53  8:26  Probe  
  55  8:27  Zealot  
  55  8:28  Photon Cannon  
  55  8:32  Photon Cannon  
  55  8:35  Probe  
  55  8:38  Probe  
  55  8:40  Zealot  
  57  8:47  Probe  
  58  8:50  Observer  
  58  8:51  Probe  
  58  8:53  Sentry  
  59  8:59  Probe  
  60  9:03  Probe  
  61  9:11  Probe  
  61  9:15  Probe  
  63  9:21  Probe  
  64  9:27  Probe  
  64  9:29  Probe  
  65  9:36  Observer  
  66  9:46  Stalker  
  66  10:06  Assimilator  
  66  10:25  Probe  
  66  10:32  Probe  
  68  10:46  Protoss Ground Weapons Level 1  
  68  10:56  Protoss Ground Armor Level 1  
  68  11:04  Warp Prism  
  70  11:12  Gateway  
  70  11:14  Templar Archives  
  70  11:17  Robotics Facility  
  70  11:21  Stargate  
  70  11:24  Dark Shrine  
  70  11:29  Fleet Beacon  
  70  11:32  Robotics Bay  
  70  11:35  Warp Prism  
  70  11:40  Nexus  
  72  11:51  High Templar  
  74  12:04  High Templar, Observer  
  77  12:16  Immortal  
  77  12:21  Gravitic Boosters  
  81  12:29  Archon  
  81  12:30  High Templar  
  83  12:43  High Templar  
  85  12:52  Probe  
  85  12:55  Probe  
  85  12:57  Archon  
  85  12:58  Probe, High Templar  
  90  13:03  Assimilator  
  90  13:04  Pylon, Probe  
  91  13:07  Probe  
  91  13:08  Pylon  
  91  13:10  Probe  
  91  13:11  High Templar  
  95  13:13  Assimilator  
  95  13:16  Probe  
  95  13:18  Gravitic Drive  
  95  13:19  Probe  
  97  13:22  Probe  
  97  13:26  Archon  
  98  13:27  High Templar  
  98  13:28  Probe  
  98  13:29  Photon Cannon  
  98  13:33  Photon Cannon  
  101  13:40  High Templar  
  81  13:53  Zealot  
  83  14:06  Zealot  
  85  14:14  Observer  
  85  14:18  Stalker  
  87  14:31  Stalker, Protoss Ground Armor Level 2  
  87  14:33  Protoss Ground Weapons Level 2  
  89  14:58  Stalker  
  91  15:00  Protoss Air Weapons Level 1  
  91  15:03  Stalker, Pylon  
  91  15:06  Disruptor  
  93  15:09  Sentry  
  98  15:21  Stalker  
  98  15:27  Stalker  
  102  15:33  Stalker  
  99  15:38  Stalker  
  99  15:42  Observer  
  83  15:44  Sentry  
  83  15:46  Tempest  
  83  15:48  Observer  
  80  15:50  Adept  
  87  15:57  Blink  
  87  16:02  Zealot  
  89  16:07  Zealot  
  91  16:13  Stalker  
  91  16:16  Protoss Ground Weapons Level 3  
  91  16:18  Observer  
  93  16:19  Stalker  
  93  16:24  Disruptor  
  98  16:36  Protoss Air Armor Level 1  
  98  16:51  Protoss Shields Level 1, Nexus  
  98  17:28  Observer  
  98  18:05  Protoss Air Weapons Level 2  
  98  18:19  Assimilator  
  98  18:20  Pylon  
  98  18:23  Pylon  
  98  18:26  Assimilator  
  98  18:28  Protoss Ground Armor Level 3  
  98  18:29  Colossus  
  104  18:35  Protoss Shields Level 2, Carrier  
  110  18:44  Photon Cannon  
  110  18:45  Stalker  
  110  18:46  Photon Cannon  
  100  18:51  Stalker  
  85  18:56  Stalker  
  85  19:02  Zealot  
  81  19:08  Stalker  
  83  19:13  Stalker  
  85  19:19  Zealot  
  85  19:24  Photon Cannon  
  87  19:25  Sentry  
  87  19:26  Pylon  
  87  19:28  Probe  
  87  19:31  Adept, Probe  
  79  19:34  Probe  
  79  19:37  Sentry, Probe  
  69  19:40  Probe  
  69  19:41  Assimilator  
  69  19:43  Stalker, Probe  
  69  19:46  Probe  
  69  19:49  Stalker  
  69  19:52  Probe  
  67  19:54  Stalker  
  67  19:55  Probe  
  67  19:58  Probe  
  58  20:00  Stalker  
  58  20:04  Probe  
  58  20:06  Stalker, Probe  
  46  20:07  Probe  
  46  20:12  Stalker  
  46  20:16  Probe x2  
  46  20:18  Stalker  
  46  20:19  Probe  
  46  20:21  Fleet Beacon  
  51  20:23  Colossus  
  55  20:28  Probe  
  55  20:29  Stalker, Probe  
  55  20:32  Probe  
  55  20:35  Sentry  
  60  20:38  Robotics Facility  
  60  20:40  Probe  
  60  20:41  Sentry  
  60  20:42  Probe  
  62  20:44  Probe  
  62  20:47  Stalker  
  59  20:52  Stalker  
  59  20:53  Probe  
  59  20:56  Probe, Nexus  
  59  20:57  Probe  
  63  20:58  Adept  
  63  21:04  Stalker, Assimilator  
  67  21:05  Probe  
  67  21:07  Probe  
  67  21:10  Stalker, Probe  
  67  21:11  Stargate  
  72  21:15  Stalker, Probe  
  72  21:16  Pylon  
  72  21:17  Probe  
  75  21:21  Stalker  
  75  21:22  Assimilator, Probe  
  75  21:23  Probe  
  75  21:25  Fleet Beacon  
  78  21:27  Stalker  
  78  21:29  Probe  
  78  21:33  Stalker  
  78  21:34  Probe  
  78  21:35  Probe  
  78  21:38  Sentry, Probe  
  79  21:44  Zealot  
  79  21:45  Photon Cannon  
  79  21:46  Probe x2  
  80  21:47  Probe  
  80  21:48  Assimilator  
  80  21:50  Stalker  
  77  21:55  Probe  
  77  21:56  Sentry  
  77  21:58  Probe  
  71  22:01  Photon Cannon, Zealot  
  71  22:06  Zealot  
  67  22:13  Zealot  
  67  22:18  Zealot  
  58  22:23  Zealot  
  58  22:28  Zealot  
  55  22:33  Stalker  
  51  22:38  Zealot  
  51  22:43  Pylon, Zealot  
  50  22:49  Zealot  
  49  22:54  Nexus  
  47  23:00  Pylon  
  47  23:03  Gateway  
  47  23:04  Pylon  
  46  23:10  Pylon  
  44  23:21  Nexus  
  44  23:24  Assimilator  
  37  23:28  Assimilator  
  37  23:38  Pylon  
  37  23:41  Assimilator  
  34  23:56  Zealot  
  36  24:10  Zealot  
  36  24:12  Nexus  
  38  24:23  Pylon  
  38  24:24  Zealot  
  32  24:31  Assimilator  
  30  24:58  Pylon  
  30  25:10  Assimilator  
  30  25:14  Assimilator  
  30  25:23  Pylon  
  30  25:25  Nexus  
  29  25:51  Pylon  
  29  26:17  Pylon  
  29  26:24  Gateway  
  29  26:48  Pylon  
  29  26:51  Assimilator  
  29  26:54  Assimilator  
  29  27:06  Forge  
  18  27:19  Zealot  
Show
View Real Time Build Order
Export as new Build Order

IA (Media) Zerg 

Build Orders: 1 Base Baneling Bust, Pool First 

Get SALT Encoding   

  12  0:01  Drone  
  13  0:12  Overlord  
  13  0:18  Drone  
  14  0:31  Drone  
  14  0:33  Drone  
  16  0:45  Spawning Pool  
  16  0:46  Drone  
  16  0:51  Drone  
  16  0:54  Extractor  
  16  0:56  Drone  
  17  1:06  Overlord  
  17  1:33  Queen  
  17  1:34  Zergling x2  
  17  1:38  Drone  
  21  1:41  Roach Warren  
  21  1:42  Extractor  
  19  1:48  Zergling x2  
  19  1:49  Drone  
  21  2:00  Drone  
  22  2:10  Overlord  
  22  2:21  Roach  
  24  2:36  Roach  
  26  2:42  Overlord  
  26  2:50  Roach  
  28  3:04  Roach  
  30  3:06  Drone  
  30  3:12  Drone  
  32  3:19  Overlord, Roach  
  34  3:23  Drone  
  35  3:28  Drone  
  36  3:34  Drone  
  37  3:44  Drone, Roach  
  37  3:47  Baneling Nest  
  35  3:58  Zergling x2  
  35  4:00  Drone  
  37  4:07  Evolution Chamber  
  37  4:09  Drone  
  37  4:12  Zergling x2  
  38  4:27  Roach  
  40  4:41  Roach  
  42  4:56  Roach  
  44  5:48  Zergling x2  
  41  6:02  Zergling x2  
  32  6:17  Roach  
  29  6:21  Lair, Overlord, Drone  
  30  6:27  Roach  
  30  6:29  Spore Crawler  
  31  6:34  Spore Crawler  
  31  6:35  Drone  
  31  6:37  Roach  
  33  6:47  Roach  
  33  6:53  Hatchery  
  31  6:54  Drone  
  31  6:57  Drone  
  31  6:58  Roach  
  30  7:08  Roach  
  32  7:18  Zergling x2, Queen  
  32  7:20  Overseer x2  
  31  7:23  Spine Crawler  
  31  7:28  Roach  
  32  7:37  Spine Crawler  
  32  7:38  Roach  
  33  7:48  Zergling x2  
  31  7:54  Queen  
  31  7:55  Hydralisk Den  
  31  7:56  Roach  
  32  8:03  Zergling x2  
  31  8:11  Drone  
  30  8:13  Baneling x2  
  30  8:14  Zergling x2, Spore Crawler  
  30  8:15  Drone  
  30  8:19  Infestation Pit  
  28  8:21  Roach  
  29  8:28  Zergling x2, Drone  
  29  8:29  Spire  
  26  8:35  Hydralisk  
  26  8:43  Roach  
  26  8:45  Queen  
  29  8:50  Zergling x2  
  28  8:56  Hydralisk  
  25  9:04  Hydralisk  
  25  9:08  Drone  
  22  9:11  Drone  
  22  9:14  Drone  
  22  9:15  Hydralisk  
  23  9:18  Drone  
  23  9:21  Drone  
  21  9:29  Drone, Hydralisk  
  18  9:40  Zergling x2, Drone  
  20  9:51  Drone  
  19  9:53  Drone  
  17  10:02  Drone  
  17  10:04  Drone  
  17  10:13  Drone  
  17  10:30  Drone  
  18  10:42  Spawning Pool  
  17  10:59  Drone  
  18  11:08  Mutalisk  
  20  11:17  Extractor, Mutalisk  
  21  11:25  Overlord  
  21  11:32  Zergling x2  
  20  11:40  Zergling x2  
  20  11:42  Drone  
  20  11:48  Hatchery  
    13:00  Drone  
  1  13:11  Drone  
  2  13:21  Drone  
  3  13:33  Drone  
  4  13:57  Drone  
  5  14:08  Drone  
  6  15:02  Hatchery  
  6  15:05  Drone  
  6  15:18  Drone  
  7  15:27  Drone  
  8  15:48  Overlord  
  8  15:57  Drone  
  9  16:08  Drone  
  9  16:22  Drone  
  10  16:29  Drone  
  11  16:35  Drone  
  12  16:42  Drone  
  11  17:26  Drone  
  11  17:29  Hatchery  
  11  17:32  Drone  
  12  17:56  Spawning Pool  
  11  18:17  Drone  
  12  18:43  Queen  
  14  18:51  Lair  
  14  19:50  Extractor  
  13  19:53  Infestation Pit  
  13  19:55  Hatchery  
  13  19:56  Extractor  
  10  20:17  Drone  
  10  20:19  Infestation Pit  
  8  20:34  Drone  
  7  20:43  Overlord  
  7  20:53  Drone  
  7  20:55  Drone  
  3  21:03  Infestation Pit  
  3  21:10  Drone  
  3  21:17  Drone  
  3  21:37  Drone  
  4  21:50  Drone  
  5  22:26  Overlord, Drone  
  6  23:36  Hatchery  
  5  24:07  Overlord, Drone  
  6  24:46  Overlord  
Show
View Real Time Build Order
Export as new Build Order

IA (Media) Terran 

Build Orders:  

Get SALT Encoding   

  12  0:01  SCV  
  13  0:13  SCV  
  14  0:20  Supply Depot  
  14  0:25  SCV  
  15  0:42  SCV  
  16  0:43  Barracks  
  16  0:50  Refinery  
  16  0:54  SCV  
  17  1:06  SCV  
  18  1:17  Supply Depot  
  18  1:31  Marine  
  18  1:32  Orbital Command  
  19  1:33  Barracks  
  19  1:42  Refinery  
  19  1:50  Barracks Tech Lab  
  19  2:07  Marine  
  20  2:12  Supply Depot  
  20  2:19  Marine  
  21  2:32  Marine  
  22  2:44  Marine  
  22  2:45  Supply Depot  
  23  2:56  Marine, SCV  
  25  3:08  Marine, SCV  
  27  3:13  Engineering Bay  
  27  3:20  Marine, SCV  
  29  3:32  SCV  
  29  3:33  Marine  
  31  3:44  SCV  
  31  3:46  Marauder  
  33  3:49  Supply Depot  
  32  3:57  Marine, SCV  
  34  4:09  Marine  
  35  4:22  Marine  
  36  4:34  Marine  
  37  4:52  Marauder  
  39  5:14  Marauder  
  41  5:35  Marine  
  33  5:47  Marine  
  25  5:59  SCV  
  25  6:00  Marine  
  21  6:11  SCV  
  21  6:12  Marine  
  17  6:23  SCV  
  17  6:25  Marauder  
  18  6:35  SCV  
  18  6:37  Marine  
  20  6:47  Marine  
  20  6:48  SCV  
  20  6:52  Factory  
  21  6:57  Marine, Factory  
  21  7:00  SCV  
  22  7:02  Sensor Tower  
  22  7:03  Command Center  
  22  7:06  Marine  
  20  7:12  SCV  
  21  7:15  Barracks Tech Lab  
  20  7:24  Marine, SCV  
  19  7:34  Ghost Academy  
  19  7:36  Factory Tech Lab  
  17  7:41  Factory Tech Lab  
  17  7:43  Marine  
  8  8:00  Armory, Marine  
  9  8:09  Starport  
  9  8:15  Hellion  
  9  8:17  SCV  
  9  8:19  Barracks Tech Lab  
  13  8:22  Hellion  
  13  8:29  SCV  
  7  8:41  SCV  
  7  8:44  Barracks  
  7  8:47  Starport Tech Lab  
  5  8:53  SCV  
  5  9:05  SCV  
  6  9:18  SCV  
  7  9:31  Barracks Tech Lab  
  7  10:27  SCV  
  8  10:39  SCV  
Tags
 
Add a new tag
Caveats
  • Supply blocks, unpowered buildings, or Contaminate may cause inaccurate times.
  • Supply counts are checked every 10 seconds.